[Event "Titled Tuesday Blitz February 28 Late 2023"]
[White "Keymer, Vincent"]
[Black "Milikow, Yoav"]
[WhiteFideId "12940690"]
[BlackFideId "2822237"]
[WhiteElo "2651"]
[BlackElo "2410"]
[Result "1-0"]
[Round "06"]
[TimeControl "180+2"]
[Date "2023.02.28"]
[WhiteClock "0:00:04"]
[BlackClock "0:00:03"]

1. a3 e5 2. c4 d6 3. g3 f5 4. Bg2 Nf6 5. b4 Be7 6. Bb2 O-O 7. e3 Qe8 8. Nc3 Nbd7 9. Nge2 e4 10. d4 Qf7 11. Qb3 c6 12. Nf4 g5 13. Nfe2 b5 14. d5 bxc4 15. Qxc4 Ne5 16. Qb3 Nd3+ 17. Kd2 Nxf2 18. Rhf1 Nd3 19. Nd4 Nxb2 20. Qxb2 Nxd5 21. Bxe4 Nb6 22. Qc2 Nc4+ 23. Ke2 Ba6 24. b5 cxb5 25. Bd5 b4 26. Bxf7+ Rxf7 27. Ncb5 Nxa3 28. Qa4 Nxb5 29. Nxb5 Bb7 30. Qb3 d5 31. Rxa7 Rxa7 32. Nxa7 Kg7 33. Nb5 Ba6 34. Qa4 Rf6 35. Kf2 f4 36. exf4 gxf4 37. Kg2 Rb6 38. Nd4 Bxf1+ 39. Kxf1 Bc5 40. Nb3 Be3 41. Qd7+ Kg6 42. Qxd5 Rf6 43. Ke2 h5 44. Kf3 Bd2 45. Qxd2 fxg3+ 46. Kxg3 Rf5 47. Qd3 Kf6 48. Qd4+ Kg5 49. Qxb4 h4+ 50. Qxh4+ Kg6 51. Nd4 Rf7 52. Qg4+ Kf6 53. Qf5+ Kg7 54. Ne6+ Kg8 55. Qg5+ Kh8 56. h4 Kh7 57. h5 Kh8 58. h6 Kh7 59. Qg7+ Rxg7+ 60. hxg7 Kh6 61. g8=Q 1-0


[Site "https://www.chess.com"]

[Event "Titled Tuesday Blitz February 28 Late 2023"]
[White "Rustemov, Alexander"]
[Black "Pakleza, Zbigniew"]
[WhiteFideId "4119002"]
[BlackFideId "1119290"]
[WhiteElo "2913"]
[BlackElo "2410"]
[Result "0-1"]
[Round "06"]
[TimeControl "180+2"]
[Date "2023.02.28"]
[WhiteClock "0:00:43"]
[BlackClock "0:01:16"]

1. d4 d6 2. Nf3 Bg4 3. c4 c6 4. Nc3 Nd7 5. e4 e5 6. Be2 Ngf6 7. O-O Be7 8. Be3 O-O 9. d5 Bxf3 10. Bxf3 c5 11. g3 Ne8 12. h4 g6 13. Bg4 f5 14. exf5 gxf5 15. Bxf5 Rxf5 16. Qg4+ Ng7 17. Bh6 Rf7 18. Rae1 Nf6 19. Qe2 Nf5 20. Be3 Rg7 21. Kh2 Ng4+ 22. Kh1 Ngxe3 23. Qh5 Qe8 24. Qxh7+ Kxh7 25. Ne4 Nxf1 26. Nf6+ Bxf6 27. Rxe5 Bxe5 28. Kg2 N1xg3 0-1


[Site "https://www.chess.com"]

[Event "Titled Tuesday Blitz February 28 Late 2023"]
[White "Rozman, Levy"]
[Black "Rasulov, Vugar"]
[WhiteFideId "2039877"]
[BlackFideId "13402390"]
[WhiteElo "2376"]
[BlackElo "2509"]
[Result "0-1"]
[Round "06"]
[TimeControl "180+2"]
[Date "2023.02.28"]
[WhiteClock "0:01:40"]
[BlackClock "0:01:39"]

1. e4 c5 2. Nc3 Nc6 3. Bb5 Nd4 4. Nf3 a6 5. Bc4 e6 6. O-O b5 7. Bd3 Nc6 8. Re1 d6 9. b3 Nf6 10. Bb2 Be7 11. a4 b4 12. Ne2 O-O 13. Ng3 Nd7 14. Nh5 g6 15. Nf4 Bf6 16. Qc1 Nde5 17. Be2 Bb7 18. d3 Nxf3+ 19. Bxf3 Nd4 20. Bg4 Bg5 21. h4 Bh6 22. Bxd4 cxd4 23. Nxe6 Qxh4 24. g3 Qxg4 25. Qxh6 fxe6 0-1


[Site "https://www.chess.com"]

[Event "Titled Tuesday Blitz February 28 Late 2023"]
[White "Indjic, Aleksandar"]
[Black "Beerdsen, Thomas"]
[WhiteFideId "911925"]
[BlackFideId "1030108"]
[WhiteElo "2625"]
[BlackElo "2547"]
[Result "1-0"]
[Round "06"]
[TimeControl "180+2"]
[Date "2023.02.28"]
[WhiteClock "0:00:13"]
[BlackClock "0:00:04"]

1. d4 Nf6 2. c4 a6 3. Bg5 b5 4. Bxf6 gxf6 5. e3 e6 6. c5 Bb7 7. Nf3 d6 8. cxd6 Bxd6 9. Nbd2 c5 10. dxc5 Bxc5 11. a4 Qb6 12. axb5 axb5 13. Rxa8 Bxa8 14. Qb3 Bc6 15. Be2 Ke7 16. O-O Nd7 17. Rc1 Rc8 18. Nf1 f5 19. Qc3 b4 20. Qg7 Qd8 21. Ne5 Nxe5 22. Rxc5 Ng6 23. Rc1 Bb7 24. Rd1 Qb6 25. h4 Rc2 26. Bh5 f4 27. Qxh7 fxe3 28. Nxe3 Rxf2 29. Kxf2 Ne5 30. Be2 Qc5 31. Qc2 Qb6 32. Qd2 f5 33. Qd4 Qc7 34. Qxb4+ Kf7 35. Qd4 f4 36. Qxf4+ Ke8 37. g3 Qc5 38. h5 Bc6 39. h6 Ng6 40. Qf6 Ne7 41. h7 1-0


[Site "https://www.chess.com"]

[Event "Titled Tuesday Blitz February 28 Late 2023"]
[White "Dardha, Daniel"]
[Black "Salimova, Nurgyul"]
[WhiteFideId "240990"]
[BlackFideId "2915138"]
[WhiteElo "2581"]
[BlackElo "2314"]
[Result "1-0"]
[Round "06"]
[TimeControl "180+2"]
[Date "2023.02.28"]
[WhiteClock "0:01:27"]
[BlackClock "0:00:06"]

1. d4 Nf6 2. Bg5 d5 3. e3 c6 4. Nd2 Bf5 5. Bxf6 exf6 6. c4 dxc4 7. Bxc4 Qb6 8. Ngf3 Be7 9. O-O O-O 10. Nh4 Bg6 11. Bb3 Bd3 12. Re1 Nd7 13. Qg4 Qc7 14. Bc4 Bg6 15. Nxg6 hxg6 16. Qxg6 Bb4 17. Red1 Nb6 18. Bb3 a5 19. Ne4 Be7 20. Ng3 a4 21. Nf5 1-0


[Site "https://www.chess.com"]

[Event "Titled Tuesday Blitz February 28 Late 2023"]
[White "Golubka, Petro"]
[Black "Livaic, Leon"]
[WhiteFideId "14114224"]
[BlackFideId "14531534"]
[WhiteElo "2404"]
[BlackElo "2509"]
[Result "0-1"]
[Round "06"]
[TimeControl "180+2"]
[Date "2023.02.28"]
[WhiteClock "0:01:27"]
[BlackClock "0:01:05"]

1. e4 e6 2. Qh5 Nf6 3. Qe2 e5 4. f4 d6 5. Nc3 Nc6 6. Nf3 Bg4 7. Qf2 Bxf3 8. Qxf3 Nd4 9. Qd3 Be7 10. b3 O-O 11. Bb2 c6 12. g3 Nd7 13. O-O-O a5 14. Ne2 Nxe2+ 15. Bxe2 a4 16. b4 b5 17. a3 Qc7 18. h4 Nb6 19. Qf3 c5 20. bxc5 Qxc5 21. h5 Nc4 22. Bxc4 bxc4 23. h6 g6 24. Qc3 Bf6 25. Rhf1 Rab8 26. Rf3 Rb5 27. Qe3 Rfb8 28. Qxc5 dxc5 0-1


[Site "https://www.chess.com"]

[Event "Titled Tuesday Blitz February 28 Late 2023"]
[White "Kravtsiv, Martyn"]
[Black "Preotu, Razvan"]
[WhiteFideId "14113147"]
[BlackFideId "2613280"]
[WhiteElo "2695"]
[BlackElo "2407"]
[Result "1-0"]
[Round "06"]
[TimeControl "180+2"]
[Date "2023.02.28"]
[WhiteClock "0:00:17"]
[BlackClock "0:00:10"]

1. e4 c5 2. Nf3 d6 3. Bb5+ Nd7 4. d4 cxd4 5. Qxd4 a6 6. Bxd7+ Bxd7 7. O-O Nf6 8. Bg5 e6 9. Nbd2 h6 10. Bxf6 Qxf6 11. e5 dxe5 12. Nxe5 Bb5 13. c4 Rd8 14. Qe3 Bc6 15. Nxc6 bxc6 16. Ne4 Qd4 17. Qe2 Qd3 18. Qxd3 Rxd3 19. Rfd1 Rd7 20. Kf1 f5 21. Nc3 Bb4 22. Ne2 e5 23. f4 Bd6 24. Ng3 g6 25. Re1 e4 26. Ne2 Bc5 27. Red1 O-O 28. Rxd7 1-0


[Site "https://www.chess.com"]

[Event "Titled Tuesday Blitz February 28 Late 2023"]
[White "Perez Ponsa, Federico"]
[Black "Fus, Jakub"]
[WhiteFideId "117927"]
[BlackFideId "1193023"]
[WhiteElo "2592"]
[BlackElo "2335"]
[Result "0-1"]
[Round "06"]
[TimeControl "180+2"]
[Date "2023.02.28"]
[WhiteClock "0:00:18"]
[BlackClock "0:00:46"]

1. e4 c5 2. Nf3 e6 3. d4 cxd4 4. Nxd4 a6 5. c4 Nf6 6. Nc3 Bb4 7. Qd3 O-O 8. e5 Ne8 9. Be2 d6 10. Nc2 Bxc3+ 11. Qxc3 Nc6 12. exd6 Nxd6 13. O-O e5 14. Rd1 Qc7 15. b3 Be6 16. Ba3 Rfd8 17. Bf3 f6 18. Rd2 Nf5 19. Rad1 Ncd4 20. Nxd4 Nxd4 21. Be4 Ne2+ 22. Rxe2 Rxd1+ 23. Re1 Rad8 24. g3 Rxe1+ 25. Qxe1 Bd7 26. Bd5+ Kh8 27. Be7 Re8 28. Qb4 Bc6 29. Bd6 Qd7 30. Bxc6 Qxc6 31. c5 e4 32. Qd4 h6 33. h4 e3 34. fxe3 Qf3 35. Bf4 Qe4 36. Qxe4 Rxe4 37. Kf2 g5 38. hxg5 hxg5 39. Bd6 f5 40. Ke2 Kg7 41. Kd3 Kf7 42. a3 Ke6 43. b4 Kd5 44. Bc7 Re7 45. Bd8 Rg7 46. Bf6 Rg6 47. Bd8 g4 48. Bc7 Rh6 49. Kc3 Rh2 50. a4 Ra2 51. Kb3 Re2 52. Bf4 a5 53. bxa5 Kxc5 54. Kc3 Ra2 55. Kb3 Rd2 56. Kc3 Rd8 57. Bc7 Rc8 58. Bb6+ Kd5+ 59. Kd3 Rc4 60. Bd8 Rxa4 61. Bb6 Ra3+ 62. Kc2 Ke4 63. Kd2 Kf3 64. Bc7 Rxe3 0-1


[Site "https://www.chess.com"]

[Event "Titled Tuesday Blitz February 28 Late 2023"]
[White "Madaminov, Mukhiddin"]
[Black "Leschinsky, Gary"]
[WhiteFideId "14210703"]
[BlackFideId "30951321"]
[WhiteElo "2511"]
[BlackElo "1855"]
[Result "1-0"]
[Round "06"]
[TimeControl "180+2"]
[Date "2023.02.28"]
[WhiteClock "0:00:19"]
[BlackClock "0:00:38"]

1. d4 d5 2. Nc3 Nf6 3. Bf4 c5 4. e4 Nxe4 5. Nxe4 dxe4 6. dxc5 Qa5+ 7. c3 Qxc5 8. Qa4+ Nc6 9. Qxe4 g6 10. Nf3 Bg7 11. Qe3 Qxe3+ 12. Bxe3 e5 13. Bc4 h6 14. O-O-O O-O 15. Rd6 Kh7 16. Bd5 Ne7 17. Bb3 Nf5 18. Rd2 Nxe3 19. fxe3 Bf5 20. Rhd1 Bf6 21. h3 h5 22. Bd5 Rab8 23. e4 Bc8 24. a4 Kg7 25. Kc2 Rd8 26. b4 Bd7 27. Kb3 Be8 28. c4 a6 29. c5 Rdc8 30. a5 Bb5 31. Bc4 Bc6 32. Bd5 Bb5 33. Ne1 Bg5 34. Rf2 Rc7 35. Nc2 Bf4 36. Na3 Be8 37. Nc4 f5 38. Nd6 Bd7 39. exf5 gxf5 40. g3 Be3 41. Rxf5 Kg6 42. Rf7 Bd4 43. Be4+ Kg5 44. h4+ Kg4 45. Rg7+ Kh3 46. Rh1# 1-0


[Site "https://www.chess.com"]

[Event "Titled Tuesday Blitz February 28 Late 2023"]
[White "Fedoseev, Vladimir"]
[Black "Rosen, Eric"]
[WhiteFideId "24130737"]
[BlackFideId "2032562"]
[WhiteElo "2752"]
[BlackElo "2359"]
[Result "1-0"]
[Round "06"]
[TimeControl "180+2"]
[Date "2023.02.28"]
[WhiteClock "0:00:07"]
[BlackClock "0:00:06"]

1. e4 c5 2. Nf3 Nc6 3. Bb5 g6 4. O-O Bg7 5. Re1 Nf6 6. c3 e5 7. Bxc6 dxc6 8. Nxe5 O-O 9. d4 Re8 10. Bg5 h6 11. Bh4 cxd4 12. cxd4 Qb6 13. Nc3 Qxb2 14. Qd3 Qa3 15. Rab1 Qd6 16. Nc4 Qc7 17. Bg3 Qd8 18. Nd6 Re7 19. e5 Ne8 20. Nce4 Rb8 21. Qf3 Be6 22. h4 Rd7 23. h5 g5 24. Nc5 Bxa2 25. Nxd7 Qxd7 26. Ra1 Bd5 27. Qf5 Qxf5 28. Nxf5 Ra8 29. Ne7+ Kf8 30. Nxd5 cxd5 31. Rec1 Ke7 32. Ra5 Ke6 33. Rb1 b6 34. Rxb6+ axb6 35. Rxa8 Nc7 36. Rb8 Kf5 37. Rxb6 Ne6 38. Rb7 1-0


[Site "https://www.chess.com"]

[Event "Titled Tuesday Blitz February 28 Late 2023"]
[White "Deac, Bogdan-Daniel"]
[Black "Garcia Ramos, Daniel"]
[WhiteFideId "1226380"]
[BlackFideId "32010311"]
[WhiteElo "2649"]
[BlackElo "2341"]
[Result "1-0"]
[Round "06"]
[TimeControl "180+2"]
[Date "2023.02.28"]
[WhiteClock "0:00:03"]
[BlackClock "0:00:36"]

1. b3 e5 2. Bb2 d6 3. e3 Nf6 4. Ne2 g6 5. f4 exf4 6. Nxf4 Bg7 7. Be2 O-O 8. O-O d5 9. c4 dxc4 10. bxc4 c5 11. Nc3 Nc6 12. Rb1 h5 13. Ncd5 Ng4 14. Bxg7 Kxg7 15. h3 Nge5 16. d4 cxd4 17. exd4 Nd7 18. Bxh5 Nb6 19. Be2 Bf5 20. Rb5 Re8 21. Qd2 Be4 22. Nxb6 axb6 23. d5 Ne5 24. Qd4 f5 25. Rxb6 Rxa2 26. Rxg6+ Kh7 27. Rg3 Qh4 28. Qc3 Rea8 29. d6 Rc2 30. Qb3 Rd8 31. c5 Rxc5 32. Ne6 Bd5 33. Rg7+ Kh6 34. Qe3+ f4 35. Rxf4 Rc1+ 36. Rf1+ Qg5 37. Qxg5# 1-0


[Site "https://www.chess.com"]

[Event "Titled Tuesday Blitz February 28 Late 2023"]
[White "Makarian, Rudik"]
[Black "Mirzoev, Azer"]
[WhiteFideId "44105681"]
[BlackFideId "13400304"]
[WhiteElo "2419"]
[BlackElo "2525"]
[Result "1/2-1/2"]
[Round "06"]
[TimeControl "180+2"]
[Date "2023.02.28"]
[WhiteClock "0:02:29"]
[BlackClock "0:01:55"]

1. a3 d5 2. b4 Nf6 3. Bb2 Bg4 4. h3 Bh5 5. Nf3 Nbd7 6. e3 e6 7. Be2 Bd6 8. O-O O-O 9. d4 c6 10. Ne5 Bxe2 11. Qxe2 Qc7 12. f4 Ne4 13. Qd3 f5 14. Nd2 Nxe5 15. fxe5 Be7 16. Nxe4 fxe4 17. Qe2 Rxf1+ 18. Rxf1 Rf8 19. Qg4 Rxf1+ 20. Kxf1 Qc8 21. c4 Qf8+ 22. Ke2 Qf5 23. Qxf5 exf5 24. c5 Kf7 25. Bc3 Ke6 26. Be1 h5 27. h4 a6 28. Bg3 g6 29. Kf2 Bd8 30. Kg1 Be7 31. Kh2 Bd8 32. Kh3 Be7 33. Bf4 Bd8 34. g3 Be7 35. Kg2 Bd8 36. Kf2 Be7 37. Ke2 Bd8 38. Kd2 Kd7 39. Kc3 Ke6 40. Kb3 Kd7 41. Bg5 Bxg5 42. hxg5 Ke6 43. Kc3 Kd7 44. Kd2 Ke6 45. Ke2 Kd7 46. Kf2 Ke6 47. Kg2 Kd7 48. Kh2 Ke6 1/2-1/2


[Site "https://www.chess.com"]

[Event "Titled Tuesday Blitz February 28 Late 2023"]
[White "Erdogdu, Mert"]
[Black "Durarbayli, Vasif"]
[WhiteFideId "6301495"]
[BlackFideId "13402935"]
[WhiteElo "2407"]
[BlackElo "2543"]
[Result "0-1"]
[Round "06"]
[TimeControl "180+2"]
[Date "2023.02.28"]
[WhiteClock "0:00:03"]
[BlackClock "0:00:22"]

1. e4 c5 2. Nf3 d6 3. d4 cxd4 4. Nxd4 Nf6 5. Nc3 a6 6. Be3 e5 7. Nb3 Be6 8. f3 h5 9. Qd2 Nbd7 10. O-O-O Be7 11. Kb1 b5 12. h3 h4 13. Bd3 Nh5 14. Nd5 Bxd5 15. exd5 Nb6 16. Na5 Nxd5 17. Nc6 Qc7 18. Be4 Nxe3 19. Qxe3 Rc8 20. Nb4 Ng3 21. Nxa6 Qa5 22. Bb7 Rc4 23. Rhe1 O-O 24. a3 Nf5 25. Qd3 Nd4 26. Nb4 Rc7 27. Bd5 Ne6 28. c3 Nf4 29. Qc2 Rfc8 30. Bb3 Kf8 31. Nd5 Nxd5 32. Rxd5 Rxc3 33. Qd2 Bg5 34. Qxg5 Rxb3 35. Rxd6 Qxe1+ 36. Ka2 Rxa3+ 37. Kxa3 Qa5+ 38. Kb3 Qa4# 0-1


[Site "https://www.chess.com"]

[Event "Titled Tuesday Blitz February 28 Late 2023"]
[White "Chigaev, Maksim"]
[Black "EREBUNI91"]
[WhiteFideId "4108116"]
[WhiteElo "2547"]
[BlackElo "2723"]
[Result "1-0"]
[Round "06"]
[TimeControl "180+2"]
[Date "2023.02.28"]
[WhiteClock "0:00:08"]
[BlackClock "0:00:04"]

1. Nf3 Nf6 2. c4 e6 3. g3 Be7 4. Bg2 O-O 5. O-O d5 6. b3 b6 7. d4 Bb7 8. Nc3 Nbd7 9. Bb2 c5 10. Ne5 Rc8 11. Rc1 cxd4 12. Qxd4 Bc5 13. Qf4 Nh5 14. Qf3 Nxe5 15. Qxh5 Qf6 16. cxd5 exd5 17. Bxd5 Bxd5 18. Nxd5 Nf3+ 19. Qxf3 Qxb2 20. Kg2 Qxa2 21. Ra1 Qd2 22. b4 Bd6 23. Rxa7 Bxb4 24. Rd7 Qb2 25. Nxb6 Rc2 26. Nd5 Bc5 27. e3 Rd2 28. Qe4 Qa2 29. Nc3 Qc2 30. Rxd2 Qxd2 31. Nd5 Rd8 32. Nf4 h6 33. h4 Bd6 34. Rb1 Bxf4 35. Qxf4 Qd6 36. Qxd6 Rxd6 37. Rb8+ Kh7 38. h5 g6 39. hxg6+ Kxg6 40. e4 Rd2 41. Kf3 Ra2 42. Ke3 Ra3+ 43. Kf4 Ra2 44. Rb6+ Kg7 45. f3 Ra3 46. g4 Rc3 47. Rd6 Ra3 48. e5 Rb3 49. Ke4 Ra3 50. f4 Rg3 51. Kf5 Ra3 52. Rd7 Kg8 53. Kf6 Ra6+ 54. Rd6 Ra7 55. f5 Rb7 56. e6 fxe6 57. fxe6 Rb4 58. Rd8+ Kh7 59. e7 Rf4+ 60. Ke5 Rf1 61. e8=Q Re1+ 62. Kf4 Rxe8 63. Rxe8 1-0


[Site "https://www.chess.com"]

[Event "Titled Tuesday Blitz February 28 Late 2023"]
[White "Norowitz, Yaacov"]
[Black "Averjanov, Alexey"]
[WhiteFideId "2024799"]
[BlackFideId "14109867"]
[WhiteElo "2401"]
[BlackElo "2669"]
[Result "1-0"]
[Round "06"]
[TimeControl "180+2"]
[Date "2023.02.28"]
[WhiteClock "0:00:17"]
[BlackClock "0:00:01"]

1. d4 d5 2. e3 Nf6 3. Bd3 c5 4. c3 e6 5. Nd2 g6 6. f4 Bg7 7. Ngf3 O-O 8. O-O b6 9. Qe2 a5 10. e4 dxe4 11. Nxe4 cxd4 12. Nxd4 Bb7 13. Rd1 Nxe4 14. Bxe4 Bxe4 15. Qxe4 Nd7 16. Be3 Nc5 17. Qc6 Rc8 18. Qf3 Qc7 19. Nb5 Qb8 20. Rd2 Rfd8 21. Rad1 Rxd2 22. Rxd2 Rd8 23. Qd1 Rxd2 24. Qxd2 h5 25. c4 Qb7 26. b3 Qe4 27. h3 Kh7 28. Nd6 Qb1+ 29. Kh2 Kg8 30. Ne8 Ne4 31. Qd8 Kh7 32. Nxg7 Kxg7 33. Bd4+ f6 34. Qe7+ Kh6 35. Bxf6 Nxf6 36. Qxf6 Kh7 37. Qf7+ Kh6 38. Qf8+ Kh7 39. Qe7+ Kh6 40. Qxe6 Qc1 41. Qe5 Kh7 42. f5 gxf5 43. Qxf5+ Kg8 44. Qg6+ Kf8 45. Qxb6 Qf4+ 46. Kh1 h4 47. Qg1 a4 48. bxa4 Qxc4 49. Qf2+ Ke7 50. a5 Qc1+ 51. Qg1 Qa3 52. Qe1+ Kf7 53. Qxh4 Qxa5 54. Kh2 1-0


[Site "https://www.chess.com"]

[Event "Titled Tuesday Blitz February 28 Late 2023"]
[White "Hansen, Eric"]
[Black "Siddharth, Jagadeesh"]
[WhiteFideId "2606771"]
[BlackFideId "5818320"]
[WhiteElo "2569"]
[BlackElo "2303"]
[Result "1/2-1/2"]
[Round "06"]
[TimeControl "180+2"]
[Date "2023.02.28"]
[WhiteClock "0:00:02"]
[BlackClock "0:00:03"]

1. e4 c5 2. Nf3 d6 3. Bb5+ Bd7 4. a4 Nf6 5. Qe2 g6 6. e5 dxe5 7. Nxe5 Bg7 8. O-O O-O 9. d3 Be6 10. Nc3 a6 11. Bc4 Bxc4 12. dxc4 e6 13. Bg5 Qc7 14. Rad1 Nfd7 15. Nxd7 Nxd7 16. Ne4 f6 17. Bh4 Rad8 18. Bg3 Ne5 19. f4 Rxd1 20. Rxd1 Nc6 21. c3 Qe7 22. Bf2 b6 23. Rd6 Rc8 24. Bh4 h6 25. Bxf6 Bxf6 26. Rd7 Qf8 27. Nd6 Re8 28. Qe4 Re7 29. Qxc6 Bg7 30. g3 Rxd7 31. Qxd7 e5 32. fxe5 Qf3 33. Qe6+ Kh7 34. Qd5 Qe3+ 35. Kf1 Qc1+ 36. Kg2 Qxb2+ 37. Kh3 Qf2 38. Qf7 Qe2 39. Ne8 Qh5+ 40. Kg2 Qe2+ 41. Kg1 Qe1+ 42. Kg2 Qe2+ 43. Kg1 Qe1+ 44. Kg2 Qe2+ 1/2-1/2


[Site "https://www.chess.com"]

[Event "Titled Tuesday Blitz February 28 Late 2023"]
[White "Vasquez Schroeder, Rodrigo"]
[Black "Lewtak, Damian"]
[WhiteFideId "3400042"]
[BlackFideId "1141724"]
[WhiteElo "2600"]
[BlackElo "2302"]
[Result "1-0"]
[Round "06"]
[TimeControl "180+2"]
[Date "2023.02.28"]
[WhiteClock "0:00:42"]
[BlackClock "0:00:06"]

1. d4 d5 2. Nf3 Nf6 3. c4 c6 4. Nc3 dxc4 5. e4 b5 6. Be2 a6 7. O-O e6 8. a4 Bb7 9. e5 Nd5 10. Ne4 Nd7 11. Bg5 Qc7 12. Rc1 c5 13. axb5 axb5 14. b3 h6 15. Bh4 cxb3 16. Bxb5 Bc6 17. Bxc6 Qxc6 18. Qxb3 Rb8 19. Qc4 N7b6 20. Qe2 c4 21. Nfd2 Rc8 22. Qg4 g5 23. Bg3 Be7 24. Qh5 c3 25. Nf3 Rg8 26. Qxh6 Kd8 27. Nfxg5 Kd7 28. Nf6+ Bxf6 29. exf6 Rg6 30. Qh7 Rxg5 31. Qxf7+ Kd8 32. Rfe1 Qd7 33. Qf8+ Qe8 34. Qh6 Qg6 35. Qf8+ Qe8 36. Qd6+ Qd7 37. f7 Rf5 38. f8=Q+ Rxf8 39. Qxf8+ Qe8 40. Qd6+ Qd7 41. Bh4+ 1-0


[Site "https://www.chess.com"]

[Event "Titled Tuesday Blitz February 28 Late 2023"]
[White "Real_OceanStorm"]
[Black "Haydon, David L"]
[BlackFideId "415405"]
[WhiteElo "2776"]
[BlackElo "2326"]
[Result "1-0"]
[Round "06"]
[TimeControl "180+2"]
[Date "2023.02.28"]
[WhiteClock "0:00:11"]
[BlackClock "0:00:30"]

1. e4 c6 2. d4 d5 3. e5 c5 4. Nf3 cxd4 5. Qxd4 Nc6 6. Qf4 e6 7. Nbd2 Bc5 8. Nb3 Bb6 9. c4 Nge7 10. c5 Bc7 11. Bd3 Ng6 12. Bxg6 hxg6 13. Nbd4 Nxd4 14. Qxd4 Bd7 15. Bg5 Qb8 16. Rc1 Bc6 17. a3 a5 18. b3 O-O 19. O-O Re8 20. h3 Bd8 21. Bxd8 Qxd8 22. a4 f6 23. Qg4 g5 24. Rfe1 Bd7 25. Qh5 Qe7 26. Qg6 Qf7 27. Qd3 Bc6 28. Rcd1 Qh5 29. Nd4 f5 30. Nb5 Re7 31. Nd6 g4 32. Qe2 g5 33. Rd3 Rh7 34. Rg3 gxh3 35. gxh3 Kf8 36. Qxh5 Rxh5 37. f4 gxf4 38. Rg6 d4 39. Kh2 Rh7 40. Rxe6 f3 41. Rf6+ Kg8 42. Rg1+ Rg7 43. Rxg7+ Kxg7 44. Nxf5+ Kh7 45. Nxd4 Rd8 46. Nxc6 bxc6 47. Kg3 Rd5 48. Rxc6 Rxe5 49. Kxf3 Rd5 50. Kg4 Rd3 51. Rb6 Rc3 52. Rb5 Kg6 53. h4 Kf6 54. h5 Rc1 55. Rxa5 Rg1+ 56. Kf4 Rc1 57. Ra6+ Kg7 58. c6 Kh6 59. b4 Rxc6 60. Rxc6+ Kxh5 61. Rc5+ Kh4 62. b5 Kh3 63. b6 Kg2 64. b7 Kf1 65. b8=B Kf2 66. a5 Kg1 67. Ke5 Kf2 68. Kd5 Kf1 69. a6 Ke2 70. a7 Kd1 71. a8=B Ke2 72. Kd4 Kd2 73. Bf3 Ke1 74. Ke3 Kf1 75. Rc1# 1-0


[Site "https://www.chess.com"]

[Event "Titled Tuesday Blitz February 28 Late 2023"]
[White "Makridis, Dimitrios"]
[Black "Aldokhin, Ivan"]
[WhiteFideId "25864475"]
[BlackFideId "24115720"]
[WhiteElo "2277"]
[BlackElo "2322"]
[Result "0-1"]
[Round "06"]
[TimeControl "180+2"]
[Date "2023.02.28"]
[WhiteClock "0:00:43"]
[BlackClock "0:00:06"]

1. e4 c5 2. Nf3 e6 3. d3 Nc6 4. Qe2 g6 5. Bg5 Qc7 6. g3 Bg7 7. c3 Nge7 8. Bg2 b5 9. O-O b4 10. Rd1 Ba6 11. Be3 d6 12. Qe1 O-O 13. d4 cxd4 14. cxd4 d5 15. e5 Nf5 16. Bf4 Qb6 17. Qd2 f6 18. exf6 Bxf6 19. Ne5 Ncxd4 20. Nd7 Ne2+ 21. Kh1 Qxf2 22. Nxf8 Rxf8 23. Rf1 Qd4 24. Qxd4 Bxd4 25. Nd2 e5 26. Bxd5+ Kg7 27. Bg5 h6 28. Bxh6+ Kxh6 29. Bc4 Nfxg3+ 30. hxg3 Nxg3+ 31. Kg2 Nxf1 32. Rxf1 Rxf1 33. Kxf1 Bb7 34. b3 Kg5 35. Bd3 Kf4 36. Bxg6 e4 37. Ke2 e3 38. Bf7 exd2 39. Kxd2 Bc3+ 40. Kc1 Be4 41. Bc4 Ke3 42. Be6 Bd2+ 43. Kb2 Bc3+ 44. Kc1 a5 45. Bf7 Bd3 46. Be6 Kd4 47. Bf7 Be4 48. Be6 Bd5 49. Bf5 a4 50. Bc2 axb3 51. axb3 Be1 52. Kb2 Bc3+ 53. Ka2 Ke3 54. Bf5 Kd2 55. Bg6 Kc1 56. Bf5 Bd2 57. Bd3 Be1 58. Bf5 Bf2 59. Bd3 Kd2 60. Bf5 Kc3 61. Ka1 Bxb3 62. Be4 Bd4 63. Kb1 Bc4 64. Kc1 b3 65. Kb1 Bd3+ 66. Bxd3 Kxd3 67. Kc1 Kc3 68. Kb1 b2 69. Ka2 Kc2 0-1


[Site "https://www.chess.com"]

[Event "Titled Tuesday Blitz February 28 Late 2023"]
[White "Vlassov, Nikolai"]
[Black "Quispe Arteaga, Gabriel"]
[WhiteFideId "4103360"]
[BlackFideId "32059809"]
[WhiteElo "2324"]
[BlackElo "2274"]
[Result "1/2-1/2"]
[Round "06"]
[TimeControl "180+2"]
[Date "2023.02.28"]
[WhiteClock "0:00:08"]
[BlackClock "0:00:02"]

1. e4 c5 2. c3 d5 3. exd5 Qxd5 4. d4 Nf6 5. Nf3 Bg4 6. dxc5 Qxc5 7. h3 Bxf3 8. Qxf3 Nc6 9. Be3 Qd5 10. Be2 e6 11. O-O O-O-O 12. Rd1 Qxf3 13. Rxd8+ Kxd8 14. Bxf3 Nd5 15. Bxd5 exd5 16. Nd2 Kc8 17. Nf3 Be7 18. Rd1 Rd8 19. Kf1 b6 20. g4 h6 21. Ke2 Bf6 22. h4 Na5 23. g5 hxg5 24. hxg5 Be7 25. Nd4 Kb7 26. Rh1 Nc4 27. Bc1 Re8 28. Kd1 Bc5 29. Rh7 Bxd4 30. cxd4 Rg8 31. Kc2 Nd6 32. Bf4 Nf5 33. Be5 Kc6 34. Kd3 Kd7 35. a4 Ke6 36. b4 g6 37. b5 Rc8 38. Rh1 Rc4 39. Ra1 Rb4 40. Kc3 Rc4+ 41. Kd3 Nd6 42. f3 Kd7 43. Bf4 Nb7 44. Bd2 Nd6 45. Bc3 Rc8 46. Bb4 Nc4 47. a5 bxa5 48. Bxa5 Rb8 49. Bb4 Rb7 50. Bc5 Rxb5 51. Rxa7+ Ke6 52. Re7+ Kf5 53. Rxf7+ Kxg5 54. Rd7 Rb3+ 55. Ke2 Rb2+ 56. Kd3 Rb3+ 57. Ke2 Kf4 58. Rxd5 Re3+ 59. Kd1 Rxf3 60. Rd8 Ke4 61. Rg8 Kd3 62. Ke1 Ne3 63. Rf8 Nc2+ 64. Kd1 Ne3+ 65. Kc1 Rxf8 66. Bxf8 Kxd4 67. Kd2 Ke4 68. Ke2 Nd5 69. Kf2 Nf4 70. Kg3 Kf5 71. Bd6 Nd3 72. Kf3 Nb2 73. Ba3 Nc4 74. Bc1 Ne5+ 75. Kg3 Nd3 76. Bd2 Nc5 77. Bc1 Nd7 78. Bd2 Nf6 79. Bc1 Ne4+ 80. Kf3 Nc5 81. Kg3 Nd3 82. Bd2 Kf6 83. Kg4 Ne5+ 84. Kf4 Nc4 85. Bc3+ Kf7 86. Kg5 Nd6 87. Kg4 Ne4 88. Bd4 Nd2 89. Kf4 Nc4 90. Bc3 Nb6 91. Bd4 Nc8 92. Bc5 Ke6 93. Kg5 Kf7 94. Kf4 Kf6 95. Kg4 Kf7 96. Kg5 Kg7 97. Bd4+ Kf7 98. Bc5 Ne7 99. Bxe7 Kxe7 100. Kxg6 1/2-1/2


[Site "https://www.chess.com"]

[Event "Titled Tuesday Blitz February 28 Late 2023"]
[White "Koellner, Ruben Gideon"]
[Black "Pulpan, Jakub"]
[WhiteFideId "12993093"]
[BlackFideId "302759"]
[WhiteElo "2303"]
[BlackElo "2484"]
[Result "0-1"]
[Round "06"]
[TimeControl "180+2"]
[Date "2023.02.28"]
[WhiteClock "0:00:16"]
[BlackClock "0:01:12"]

1. d4 Nf6 2. Nf3 e6 3. Nbd2 c5 4. e3 b6 5. Bd3 Bb7 6. O-O cxd4 7. exd4 Be7 8. c3 O-O 9. Re1 d6 10. Qe2 Nbd7 11. a4 a6 12. Nf1 Re8 13. Ng3 Bf8 14. Bg5 h6 15. Bd2 e5 16. dxe5 dxe5 17. Ne4 Nxe4 18. Bxe4 Bxe4 19. Qxe4 Nc5 20. Qc4 Nd3 21. Re2 Nxb2 22. Qe4 Qd3 23. Rb1 Qxe4 24. Rxe4 f5 25. Rxe5 Rxe5 26. Nxe5 Nxa4 27. c4 Bd6 28. Nd7 Rd8 29. Nxb6 Nxb6 30. Rxb6 Bc7 31. Rb2 Ba5 32. Kf1 Rxd2 33. Rb8+ Kh7 34. Ra8 Rd6 35. c5 Rc6 36. Ke2 Bb4 37. f3 Bxc5 38. Kd3 Bb4 39. Kd4 a5 40. Kd5 Rc2 41. g4 fxg4 42. fxg4 Rxh2 43. Ke6 Rf2 44. Ra6 Rf6+ 45. Kd7 Rxa6 46. Ke8 a4 47. g5 hxg5 48. Kd7 a3 49. Ke8 a2 50. Kd8 a1=Q 51. Kc8 Qa5 52. Kd7 Rb6 53. Kc8 Qa7 54. Kd8 Rb8# 0-1


[Site "https://www.chess.com"]

[Event "Titled Tuesday Blitz February 28 Late 2023"]
[White "Fernandez Guillen, Ernesto J."]
[Black "Florescu, Codrut-Constantin"]
[WhiteFideId "3512428"]
[BlackFideId "1202200"]
[WhiteElo "2423"]
[BlackElo "2191"]
[Result "1-0"]
[Round "06"]
[TimeControl "180+2"]
[Date "2023.02.28"]
[WhiteClock "0:01:51"]
[BlackClock "0:00:55"]

1. e4 c5 2. Nf3 e6 3. d4 cxd4 4. Nxd4 a6 5. Bd3 Bc5 6. Nb3 Ba7 7. Nc3 Ne7 8. Qe2 O-O 9. Be3 b5 10. O-O-O d6 11. e5 d5 12. Bxa7 Rxa7 13. Qh5 g6 14. Qh6 Bd7 15. Rhe1 b4 16. Re3 f5 17. Rh3 Rf7 18. Ne2 a5 19. Nbd4 Nbc6 20. Nf3 b3 21. axb3 a4 22. Ng5 Rg7 23. Nxh7 axb3 24. Ng5 Kf8 25. Nf4 Ra1+ 26. Kd2 Rxd1+ 27. Kxd1 bxc2+ 28. Bxc2 Nxe5 29. Nfxe6+ 1-0


[Site "https://www.chess.com"]